 Dungeon Crawl Stone Soup version 0.27-a0-1277-g3808f8b1c9 (webtiles) character file.

Game seed: 1970466280513207281

82234 nghtshd the Destroyer (level 15, -2/92 HPs)
             Began as a Gargoyle Earth Elementalist on June 12, 2021.
             Was a High Priest of Vehumet.
             Slain by a tyrant leech (12 damage)
             ... on level 6 of the Lair of Beasts.
             The game lasted 00:54:45 (30192 turns).

nghtshd the Destroyer (GrEE)                       Turns: 30192, Time: 00:54:46

Health: -2/92      AC: 33    Str: 12    XL:     15   Next: 73%
Magic:  4/28       EV: 16    Int: 22    God:    Vehumet [*****.]
Gold:   1499       SH:  0    Dex: 16    Spells: 21/33 levels left

rFire    + . .     SeeInvis +   A - +7 great mace "Undeadhunter" {disrupt, rN+}
rCold    . . .     Faith    .   (shield currently unavailable)
rNeg     + + .     Spirit   .   u - +5 steam dragon scales
rPois    ∞         Reflect  .   d - +2 helmet {SInv}
rElec    +         Harm     .   e - +2 cloak
rCorr    .         Rampage  .   w - +0 pair of gloves
Will     ++...                  a - +2 pair of boots
Stlth    +++.......             q - amulet of magic regeneration
HPRegen  0.25/turn              n - ring of protection from fire
MPRegen  0.46/turn              h - +6 ring of dexterity

@: flying
A: sickness immunity, AC +11, big wings, negative energy resistance 1,
electricity resistance, torment resistance 1, petrification resistance,
camouflage 1, strong-willed 1
a: Renounce Religion


You were on level 6 of the Lair of Beasts.
You worshipped Vehumet.
Vehumet was extremely pleased with you.
You visited 3 branches of the dungeon, and saw 21 of its levels.
You visited the Abyss 1 time.
You also visited: Bailey and Ice Cave.

You collected 2111 gold pieces.
You spent 612 gold pieces at shops.

Inventory:

Hand Weapons
 m - a +3 vorpal flail
 A - the +7 great mace "Undeadhunter" (weapon) {disrupt, rN+}
   (You acquired it in a bailey)

   It protects you from negative energy.
Missiles
 b - 246 stones
 j - 4 throwing nets
 G - 5 boomerangs of dispersal
Armour
 a - a +2 pair of boots (worn)
 d - a +2 helmet of see invisible (worn)
 e - a +2 cloak (worn)
 u - +5 steam dragon scales (worn)
 w - a +0 pair of gloves (worn)
 B - the +2 robe of Vines {NoPotionHeal Regen+++}
   (You found it on level 9 of the Dungeon)

   It increases your rate of health regeneration.
Jewellery
 g - a ring of see invisible
 h - a +6 ring of dexterity (right hand)
 n - a ring of protection from fire (left hand)
 q - an amulet of magic regeneration (around neck)
 r - a ring of protection from fire
 t - a ring of resist corrosion
 y - a ring of ice
Wands
 l - a wand of flame (55)
 v - a wand of digging (10)
 x - a wand of polymorph (14)
 Q - a wand of iceblast (10)
 R - a wand of acid (7)
Scrolls
 i - 2 scrolls of immolation
 s - 5 scrolls of teleportation
 D - 2 scrolls of holy word
 H - 11 scrolls of identify
 I - 3 scrolls of brand weapon
 J - 3 scrolls of enchant weapon
 M - 2 scrolls of amnesia
 N - 2 scrolls of summoning
 P - 2 scrolls of fog
 S - a scroll of blinking
Potions
 c - 2 potions of brilliance
 f - 5 potions of heal wounds
 k - 3 potions of attraction
 o - 11 potions of curing
 p - 5 potions of invisibility
 z - 5 potions of ambrosia
 C - a potion of resistance
 E - a potion of magic
 F - a potion of cancellation
 L - a potion of mutation
 O - 2 potions of haste
Miscellaneous
 K - a tin of tremorstones (1/2)


   Skills:
 + Level 10.2 Fighting
 + Level 9.7 Maces & Flails
 - Level 6.0 Armour
 + Level 8.2 Dodging
 - Level 2.1 Stealth
 + Level 9.9 Spellcasting
 + Level 14.0 Conjurations
 - Level 0.7 Transmutations
 + Level 12.6 Earth Magic
 + Level 8.8 Evocations


You had 21 spell levels left.
You knew the following spells:

 Your Spells              Type           Power      Damage    Failure   Level
a - Sandblast             Erth           100%       2d20      1%          1
b - Stone Arrow           Conj/Erth      100%       3d13      1%          3
c - Lee's Rapid Deconstr  Erth           30%        3d17*     1%          5
d - Mephitic Cloud        Conj/Pois/Air  31%        N/A       1%          3

Your spell library contained the following spells:

 Spells                   Type           Power      Damage    Failure   Level
 Hailstorm                Conj/Ice       41%        3d10      1%          4
 Magic Dart               Conj           100%       1d8       0%          1
 Passwall                 Tmut/Erth      33%        N/A       1%          2
 Searing Ray              Conj           100%       3d7       1%          2
 Static Discharge         Conj/Air       41%        N/A       1%          2
 Conjure Flame            Conj/Fire      41%        6-21      1%          3
 Dazzling Flash           Conj/Hex       82%        N/A       1%          3
 Fulminant Prism          Conj/Hex       20%        3d13      1%          4
 Iskenderun's Mystic Bla  Conj/Tloc      41%        2d9       1%          4
 Poisonous Vapours        Pois/Air       20%        N/A       2%          2
 Lightning Bolt           Conj/Air       20%        1d35      2%          5
 Beastly Appendage        Tmut           28%        N/A       4%          1
 Petrify                  Tmut/Erth      40%        N/A       4%          4
 Summon Small Mammal      Summ           40%        N/A       6%          1
 Wereblood                Tmut           14%        N/A       7%          2
 Freezing Cloud           Conj/Ice/Air   15%        6-21      7%          5
 Call Imp                 Summ           10%        N/A       10%         2
 Spider Form              Tmut/Pois      6%         N/A       16%         3
 Call Canine Familiar     Summ           10%        N/A       19%         3
 Summon Guardian Golem    Hex/Summ       10%        N/A       19%         3
 Ice Form                 Ice/Tmut       12%        N/A       45%         4
 Summon Ice Beast         Ice/Summ       10%        N/A       52%         4
 Summon Lightning Spire   Summ/Air       10%        N/A       52%         4
 Ignition                 Fire           5%         3d4       100%        8
 Polar Vortex             Ice            5%         N/A       100%        9
 Shatter                  Erth           30%        3d25*     100%        9


Dungeon Overview and Level Annotations

Branches:
Dungeon (14/15)            Temple (1/1) D:4            Lair (6/6) D:9
  Swamp (0/4) Lair:3       Spider (0/4) Lair:4        Slime (0/5) Lair:5
    Orc (0/2) D:9          Vaults (0/5) D:14         Bailey (visited)
  IceCv (visited)

Altars:
Ashenzari
Cheibriados
Dithmenos
Elyvilon
Fedhas
Gozag
Hepliaklqana
Kikubaaqudgha
Makhleb
Nemelex Xobeh
Okawaru
Qazlal
Ru
Sif Muna
Trog
Uskayaw
Vehumet
Wu Jian
Xom
Yredelemnul
Zin
The Shining One

Shops:
D:6 *   D:12 !

Annotations:
D:7 Prince Ribbit
Lair:1 exclusion: oklob plant


Innate Abilities, Weirdness & Mutations

You are immune to sickness and miasma.
Your stone body is resilient. (AC +11)
You are immune to poison.
Your large and strong wings let you fly.
You resist negative energy. (rN+)
You are resistant to electric shocks. (rElec)
You are resistant to unholy torment.
You are immune to petrification.
Your skin changes colour to match your surroundings (Stealth+).
You are strong-willed. (Will+)


Message History

The tyrant leech completely misses you.
Casting: Stone Arrow (safe; 1% risk of failure)
Confirm with . or Enter, or press ? or * to list all spells.
Aiming: Stone Arrow (safe; 1% risk of failure)
Press: ? - help, Shift-Dir - straight line, f/p - tyrant leech
Aim: a tyrant leech (heavily wounded, 63% to hit)
The stone arrow hits the tyrant leech!!
The tyrant leech is almost dead.
Casting: Stone Arrow (safe; 1% risk of failure)
Confirm with . or Enter, or press ? or * to list all spells.
Aiming: Stone Arrow (safe; 1% risk of failure)
Press: ? - help, Shift-Dir - straight line, f/p - tyrant leech
Aim: a tyrant leech (almost dead, 63% to hit)
The stone arrow misses the tyrant leech.
The tyrant leech bites you!
* * * LOW HITPOINT WARNING * * *
Casting: Stone Arrow (safe; 1% risk of failure)
Confirm with . or Enter, or press ? or * to list all spells.
Aiming: Stone Arrow (safe; 1% risk of failure)
Press: ? - help, Shift-Dir - straight line, f/p - tyrant leech
Aim: a tyrant leech (almost dead, 63% to hit)
The stone arrow misses the tyrant leech.
The tyrant leech bites you!
* * * LOW HITPOINT WARNING * * *
Casting: Stone Arrow (safe; 1% risk of failure)
Confirm with . or Enter, or press ? or * to list all spells.
Aiming: Stone Arrow (safe; 1% risk of failure)
Press: ? - help, Shift-Dir - straight line, f/p - tyrant leech
Aim: a tyrant leech (severely wounded, 63% to hit)
The stone arrow hits the tyrant leech!
The tyrant leech is almost dead.
The tyrant leech closely misses you.
Casting: Stone Arrow (safe; 1% risk of failure)
Confirm with . or Enter, or press ? or * to list all spells.
Aiming: Stone Arrow (safe; 1% risk of failure)
Press: ? - help, Shift-Dir - straight line, f/p - tyrant leech
Aim: a tyrant leech (almost dead, 63% to hit)
The stone arrow misses the tyrant leech.
The tyrant leech bites you!
You die...

#### #### ##..##
####..### ##.$..#
#.......# #....?#
##......# #...w.##
##.....## #@P..# #
#......## ###.P.# #
##....#.## #.##.P# #
###...#.####...## #
#.#...#.##...##
####....#...##
########.......######
....÷.#......####...##
######.....### #.....#


You could see a tyrant leech.

Vanquished Creatures
  Kirke (Lair:6)
  Louise (D:14)
  Snorg (D:11)
  Harold (D:7)
  4 boulder beetles
  Josephine (D:12)
  An ice dragon (Lair:6)
  A catoblepas (Lair:4)
  12 hydras
  The ghost of Sosched the Thaumaturge, a journeyman GnWz of Sif Muna (Lair:1)
  2 centaur warriors (D:14)
  4 two-headed ogres
  A death yak (D:9)
  3 skeletal warriors (D:12)
  2 lindwurms
  A wizard (D:14)
  2 deep elf pyromancers
  A harpy (shapeshifter) (D:14)
  3 orc knights
  3 ugly things
  A manticore (D:12)
  An orc sorcerer (Bailey)
  6 cyclopes
  A moth of wrath (shapeshifter) (D:14)
  Maurice (D:8)
  5 elephants
  3 ice statues (IceCv)
  7 black mambas
  6 torpor snails
  3 gargoyles
  10 cane toads
  An unseen horror (D:10)
  Maggie (D:7)
  3 komodo dragons
  4 rime drakes
  2 kobold demonologists
  A freezing wraith (D:14)
  3 tyrant leeches (Lair:6)
  3 jumping spiders (Lair:4)
  A queen bee (Lair:1)
  2 polar bears
  4 trolls
  19 blink frogs
  10 hornets
  7 slime creatures (D:13)
  A redback (Lair:6)
  3 shadows
  6 wyverns (Lair:6)
  9 wraiths
  60 yaks
  Grum (Lair:1)
  9 vampire mosquitoes
  6 hogs (Lair:6)
  4 basilisks
  A steam dragon (D:8)
  17 water moccasins
  2 acid dragons
  6 black bears
  8 ice beasts
  A hornet zombie (D:7)
  14 orc warriors
  An ogre (D:14)
  4 centaurs
  2 necrophages (D:5)
  14 wolves
  2 phantoms (D:5)
  3 kobold brigands
  A gnoll sergeant (D:12)
  15 bullfrogs
  2 scorpions (D:5)
  A water moccasin skeleton (D:6)
  30 killer bees
  14 wights
  2 electric eels (Bailey)
  4 centaur zombies
  A bullfrog zombie (D:7)
  3 hounds
  7 jellies
  2 centaur skeletons
  A gnoll shaman (D:7)
  12 orc priests
  A bullfrog skeleton (D:6)
  4 iguanas
  8 orc wizards
  4 hell rats (Lair:3)
  Terence (D:3)
  16 gnolls
  12 adders
  A white imp (D:7)
  An ufetubus (D:4)
  2 dart slugs
  57 orcs
  An endoplasm (D:2)
  6 giant cockroaches
  14 goblins
  8 hobgoblins
  6 jackals
  10 kobolds
  2 quokkas
  5 ball pythons
  5 bats
  7 rats
591 creatures vanquished.

Vanquished Creatures (others)
  A yak (Lair:5)
  A human (Lair:6)
  A gnoll (Bailey)
  A kobold (D:14)
  73 fungi
  167 plants
244 creatures vanquished.

Grand Total: 835 creatures vanquished

Notes
Turn   | Place    | Note
-------+----------+-------------------------------------------
     0 | D:1      | nghtshd the Gargoyle Earth Elementalist began the quest for
                  | the Orb.
     0 | D:1      | Reached XP level 1. HP: 10/10 MP: 3/3
   130 | D:1      | Found a faded altar of an unknown god.
   479 | D:1      | Reached XP level 2. HP: 15/15 MP: 5/5
   707 | D:2      | Reached XP level 3. HP: 16/19 MP: 4/7
   711 | D:2      | Learned a level 3 spell: Stone Arrow
   950 | D:2      | Found a hazy altar of Hepliaklqana.
  1052 | D:2      | Reached skill level 1 in Conjurations
  1371 | D:3      | Reached XP level 4. HP: 17/24 MP: 8/8
  1473 | D:3      | Noticed Terence
  1477 | D:3      | Killed Terence
  1658 | D:3      | Reached skill level 2 in Conjurations
  1881 | D:3      | Reached XP level 5. HP: 14/28 MP: 7/9
  1923 | D:3      | Reached skill level 5 in Earth Magic
  2135 | D:3      | Learned a level 5 spell: Lee's Rapid Deconstruction
  3089 | D:4      | Reached skill level 3 in Conjurations
  3294 | D:4      | Found an iron altar of Okawaru.
  3294 | D:4      | Found an ornate altar of the Wu Jian Council.
  3490 | D:4      | Reached XP level 6. HP: 32/32 MP: 9/11
  3564 | D:4      | Found a staircase to the Ecumenical Temple.
  3570 | Temple   | Entered the Ecumenical Temple
  4356 | D:5      | Entered Level 5 of the Dungeon
  4358 | D:5      | Noticed an ice beast
  4366 | D:5      | Reached skill level 4 in Conjurations
  4369 | D:5      | Found a sacrificial altar of Ru.
  4399 | D:5      | Noticed a necrophage
  4409 | D:5      | Killed a necrophage
  4460 | D:5      | Reached XP level 7. HP: 11/36 MP: 1/13
  4590 | D:5      | Reached skill level 5 in Conjurations
  5453 | D:5      | Reached skill level 1 in Armour
  5499 | D:5      | Reached skill level 1 in Fighting
  5499 | D:5      | Reached skill level 1 in Maces & Flails
  5499 | D:5      | Reached XP level 8. HP: 42/43 MP: 14/14
  5572 | D:5      | Reached skill level 1 in Evocations
  5757 | D:5      | Reached skill level 6 in Conjurations
  6342 | D:6      | Found Diwolar's Serpentskin Sales.
  6349 | D:6      | Reached XP level 9. HP: 49/49 MP: 9/16
  6741 | D:7      | Reached skill level 5 in Spellcasting
  7019 | D:7      | Reached skill level 7 in Conjurations
  7105 | D:7      | Noticed Maggie
  7113 | D:7      | Killed Maggie
  7526 | D:7      | Noticed Prince Ribbit
  7878 | D:7      | Noticed Harold
  7900 | D:7      | Killed Harold
  8237 | D:7      | Reached XP level 10. HP: 56/56 MP: 11/18
  8290 | D:8      | Reached skill level 8 in Conjurations
  8692 | D:8      | Noticed Maurice
  8705 | D:8      | Killed Maurice
  9591 | D:9      | Noticed a two-headed ogre
  9597 | D:9      | Killed a two-headed ogre
  9716 | D:9      | Noticed a two-headed ogre
  9721 | D:9      | Killed a two-headed ogre
  9722 | D:9      | Reached skill level 5 in Fighting
  9722 | D:9      | Reached skill level 5 in Armour
  9722 | D:9      | Reached skill level 9 in Conjurations
  9779 | D:9      | Noticed a four-headed hydra
  9783 | D:9      | Reached XP level 11. HP: 63/63 MP: 11/20
  9803 | D:9      | Killed a four-headed hydra
  9964 | D:9      | Found the +2 robe of Vines {NoPotionHeal Regen+++}
  9993 | D:9      | Noticed a death yak
 10287 | D:9      | Killed a death yak
 10545 | D:9      | Reached skill level 5 in Maces & Flails
 10902 | D:9      | Found a staircase to the Lair.
 11065 | D:9      | Found a staircase to the Orcish Mines.
 11383 | D:10     | Entered Level 10 of the Dungeon
 11520 | D:10     | Reached skill level 10 in Conjurations
 11794 | D:10     | Found a shimmering blue altar of Sif Muna.
 12051 | D:10     | Noticed a two-headed ogre
 12056 | D:10     | Killed a two-headed ogre
 12474 | D:10     | Reached skill level 5 in Dodging
 12807 | D:10     | Found a basalt altar of Yredelemnul.
 12807 | D:10     | Found a radiant altar of Vehumet.
 12809 | D:10     | Reached skill level 5 in Evocations
 12824 | D:10     | Became a worshipper of Vehumet
 13303 | D:11     | Noticed a cyclops
 13414 | D:11     | Found a flagged portal.
 13421 | Bailey   | Entered a bailey
 13808 | Bailey   | Learned a level 3 spell: Mephitic Cloud
 13820 | Bailey   | Found an iron altar of Okawaru.
 13820 | Bailey   | Noticed an orc sorcerer
 13877 | Bailey   | Killed an orc sorcerer
 13878 | Bailey   | Reached XP level 12. HP: 70/70 MP: 0/22
 13991 | Bailey   | Reached * piety under Vehumet
 13991 | Bailey   | Offered knowledge of Shock by Vehumet.
 14573 | Bailey   | Identified the +2 hand crossbow of Reinforcement {penet,
                  | *Corrode Fly rPois Int+5}
 14611 | Bailey   | Acquired the +7 great mace "Undeadhunter" {disrupt, rN+}
 14612 | Bailey   | Found the +7 great mace "Undeadhunter" {disrupt, rN+}
 15637 | D:11     | Noticed Snorg
 15778 | D:11     | Killed Snorg
 15779 | D:11     | Reached skill level 11 in Conjurations
 16375 | D:12     | Noticed a two-headed ogre
 16466 | D:12     | Killed a two-headed ogre
 16635 | D:12     | Reached skill level 10 in Earth Magic
 16642 | D:12     | Reached ** piety under Vehumet
 16717 | D:12     | Noticed a six-headed hydra
 16721 | D:12     | Killed a six-headed hydra
 16937 | D:12     | Acquired 620 gold pieces
 17035 | D:12     | Gained mutation: You have an increased reservoir of magic.
                  | (+10% MP) [potion of mutation]
 17035 | D:12     | Gained mutation: You tend to lose your temper in combat.
                  | [potion of mutation]
 17035 | D:12     | Gained mutation: You are dopey. (Int -2) [potion of
                  | mutation]
 17035 | D:12     | Lost mutation: You are dopey. (Int -2) [potion of mutation]
 17036 | D:12     | Lost mutation: You tend to lose your temper in combat.
                  | [potion of mutation]
 17036 | D:12     | Lost mutation: You have an increased reservoir of magic.
                  | (+10% MP) [potion of mutation]
 17036 | D:12     | Gained mutation: Your skin changes colour to match your
                  | surroundings (Stealth+). [potion of mutation]
 17036 | D:12     | Gained mutation: You are clumsy. (Dex -2) [potion of
                  | mutation]
 17036 | D:12     | Gained mutation: Your flesh is cold resistant. (rC+)
                  | [potion of mutation]
 17162 | D:12     | Offered knowledge of Freeze by Vehumet.
 17169 | D:12     | Reached XP level 13. HP: 71/76 MP: 8/24
 17292 | D:12     | Noticed Josephine
 17507 | D:12     | Killed Josephine
 17717 | D:12     | Found Ricedeva's Distillery.
 17722 | D:12     | Bought a potion of curing for 36 gold pieces
 17722 | D:12     | Bought a potion of brilliance for 48 gold pieces
 17722 | D:12     | Bought a potion of heal wounds for 60 gold pieces
 17722 | D:12     | Bought a potion of curing for 36 gold pieces
 17722 | D:12     | Bought a potion of might for 48 gold pieces
 17722 | D:12     | Bought a potion of invisibility for 96 gold pieces
 17722 | D:12     | Bought a potion of ambrosia for 96 gold pieces
 17722 | D:12     | Bought a potion of magic for 96 gold pieces
 17722 | D:12     | Bought a potion of cancellation for 96 gold pieces
 17890 | D:13     | Reached skill level 12 in Conjurations
 18615 | D:13     | Offered knowledge of Searing Ray by Vehumet.
 19839 | D:14     | Reached *** piety under Vehumet
 20183 | D:14     | Offered knowledge of Airstrike by Vehumet.
 20689 | D:14     | Noticed Louise
 20717 | D:14     | Cast into level 3 of the Abyss (Louise)
 20717 | Abyss:3  | Found a corrupted altar of Lugonu.
 20724 | D:14     | Escaped the Abyss
 20730 | D:14     | Killed Louise
 21217 | D:14     | Found a gate to the Vaults.
 21600 | Lair:1   | Entered Level 1 of the Lair of Beasts
 21622 | Lair:1   | Gained mutation: Your large and strong wings let you fly.
                  | [Gargoyle growth]
 21622 | Lair:1   | Reached XP level 14. HP: 71/84 MP: 14/26
 21873 | Lair:1   | Found a frozen archway.
 21885 | IceCv    | Entered an ice cave
 22063 | IceCv    | Reached skill level 13 in Conjurations
 22354 | IceCv    | Identified the +5 ice dragon scales of Baldness {rF- rC++
                  | Regen+ Str+4 Int+2}
 22359 | IceCv    | Identified the +4 hunting sling of Ucunabry {venom, rF-
                  | Str+3 Int+3}
 22535 | Lair:1   | Reached **** piety under Vehumet
 22550 | Lair:1   | Offered knowledge of Yara's Violent Unravelling by Vehumet.
 23018 | Lair:1   | Noticed Sosched's ghost (journeyman GnWz)
 23039 | Lair:1   | Found a transporter.
 23187 | Lair:1   | Noticed Grum
 23194 | Lair:1   | Killed Grum
 23324 | Lair:1   | Found a transporter.
 23379 | Lair:1   | Killed Sosched's ghost
 23445 | Lair:1   | Lost mutation: You are clumsy. (Dex -2) [potion of
                  | mutation]
 23445 | Lair:1   | Lost mutation: Your flesh is cold resistant. (rC+) [potion
                  | of mutation]
 23445 | Lair:1   | Gained mutation: You are strong-willed. (Will+) [potion of
                  | mutation]
 23445 | Lair:1   | Gained mutation: You are dopey. (Int -2) [potion of
                  | mutation]
 23445 | Lair:1   | Lost mutation: You are dopey. (Int -2) [potion of mutation]
 24458 | Lair:3   | Identified the ring of Xoitz {rF+ rC- Str+2 Dex+6}
 24484 | Lair:3   | Found a staircase to the Swamp.
 24630 | Lair:3   | Reached ***** piety under Vehumet
 24663 | Lair:3   | Found an ancient bone altar of Kikubaaqudgha.
 25335 | Lair:4   | Offered knowledge of Hailstorm by Vehumet.
 25569 | Lair:4   | Found a hole to the Spider Nest.
 27308 | Lair:5   | Reached XP level 15. HP: 68/91 MP: 24/28
 27645 | Lair:5   | Found a staircase to the Slime Pits.
 28524 | Lair:6   | Entered Level 6 of the Lair of Beasts
 28573 | Lair:6   | Noticed Kirke
 28581 | Lair:6   | Killed Kirke
 28586 | Lair:6   | Reached skill level 10 in Fighting
 29554 | Lair:6   | Found a runed translucent door.
 29772 | Lair:6   | Reached skill level 14 in Conjurations
 30192 | Lair:6   | Slain by a tyrant leech

Illustrated notes

Levels and vault maps discovered:
D:1:      dpeg_arrival_pond, layout_basic, basic_ecumenical_altar
D:2:      layout_basic, basic_altar, minmay_worlds_worst_comb
D:3:      layout_basic, uniq_terence
D:4:      layout_gridville, gammafunk_temple_overflow_wave,
          minmay_temple_entry_enclosed_plants
D:5:      layout_gridville, hangedman_ru_absence
D:6:      layout_basic, minivault_5, guppyfry_shop_venom
D:7:      layout_basic, uniq_maggie, uniq_prince_ribbit1, uniq_harold
D:8:      layout_cave_pools, uniq_maurice
D:9:      layout_loops_ring, david_lair_generic, hellmonk_guarded_unrand_vines
D:10:     layout_loops_corners, gammafunk_temple_overflow_pools,
          nicolae_overflow_crystal_walls, serial_co_window_serial,
          co_window_corner_a, co_window_corner_a, co_window_of_opportunity_a,
          co_window_paths_b, co_window_paths_a, co_window_paths_a,
          co_window_cross_1, co_window_paths_a, co_window_paths_a,
          co_window_broadway_a, co_window_corner_b, co_window_corner_b,
          co_window_cross_4, glass_columns_a, glass_columns_c, glass_columns_c,
          glass_columns_c
D:11:     layout_cave_pools, enter_bailey_3, chequers_serial_rivers_micro_e,
          uniq_snorg
D:12:     layout_cave_pools, serial_shops, nicolae_shop_behind_doors,
          uniq_josephine
D:13:     layout_loops_ring
D:14:     layout_roguey [special_room_orc], david_vaults_4, dk_noncrumbling_3,
          uniq_louise
Temple:   eino_temple_rhombus
Lair:1:   layout_regular_city, portal_ice_cave_entry_pillars_2,
          gammafunk_ghost_hive, grunt_megastairs_3, minmay_lair_oklob_chamber,
          uniq_grum
Lair:2:   layout_chaotic_city
Lair:3:   layout_regular_city, swamp_mist_pool, basic_altar,
          infiniplex_staircase_pool_2, lemuel_fruit_fields
Lair:4:   layout_loops_ring, spider_nest_entry_a
Lair:5:   layout_gridlike, nicolae_slime_entry_slimehenge, grunt_megastairs_1
Lair:6:   hangedman_lair_tendril_chambers, layout_loops_ring, wormcave,
          serial_bayou_lake_a, uniq_kirke

Skill      XL: |  1  2  3  4  5  6  7  8  9 10 11 12 13 14 15 |
---------------+----------------------------------------------+-----
Earth Magic    | 4 5 6 7 8 9 10 11 12 | 12.6
Conjurations   | 1 2 3 4 5 6 7 9 10 11 12 13 14 | 14.0
Spellcasting   | 3 4 5 6 7 8 9 |  9.9
Armour         | 1 2 4 5 6 |  6.0
Fighting       | 1 2 3 5 6 7 8 9 10 | 10.2
Maces & Flails | 1 2 3 4 5 6 7 9 |  9.7
Dodging        | 2 3 4 5 6 7 8 |  8.2
Evocations     | 2 3 4 5 6 7 8 |  8.8
Stealth        | |  2.1
Transmutations | |  0.7

Action                   |  1- 3 |  4- 6 |  7- 9 | 10-12 | 13-15 || total
-------------------------+-------+-------+-------+-------+-------++-------
Melee: Short sword       |   108 |    93 |       |       |       ||   201
       Unarmed           |     3 |       |       |     2 |       ||     5
       Flail             |       |    11 |   178 |   262 |       ||   451
       Great mace        |       |       |       |    80 |   667 ||   747
 Cast: Sandblast         |     8 |    42 |    50 |    46 |    25 ||   171
       Stone Arrow       |       |     1 |    24 |   159 |   219 ||   403
       Lee's Rapid Decon |       |     1 |     3 |    25 |    90 ||   119
       Mephitic Cloud    |       |       |       |     3 |       ||     3
Evoke: Wand              |       |     3 |       |    13 |    16 ||    32
       Tin of tremorston |       |       |       |       |     3 ||     3
  Use: Scroll            |     4 |     5 |     9 |    12 |     7 ||    37
       Potion            |       |     1 |     4 |     7 |     3 ||    15
 Stab: Sleeping          |     2 |     2 |     2 |       |     6 ||    12
       Paralysed         |       |       |       |     8 |    14 ||    22
       Invisible         |       |       |       |     1 |       ||     1
       Distracted        |       |       |       |       |     3 ||     3
Armor: Robe              |    38 |    49 |    71 |       |       ||   158
       Skin              |       |       |    22 |       |       ||    22
       Steam dragon scal |       |       |     9 |   307 |   576 ||   892
Dodge: Dodged            |    74 |    69 |   110 |   461 |   796 ||  1510
Block: Other             |    16 |    27 |    56 |   175 |    51 ||   325
       Reflection        |       |       |       |       |     1 ||     1

Table legend: (Time is in decaauts)
 A = Elapsed time spent in this place.
 B = Non-inter-level travel time spent in this place.
 C = Inter-level travel time spent in this place.
 D = Time resting spent in this place.
 E = Time spent auto-exploring this place.
 F = Levels seen in this place.
 G = Mean time per level.
                   A        B        C        D        E       F      G
               +--------+--------+--------+--------+--------+-----+--------+
         Total |  30606 |  29908 |    698 |   4334 |  20138 |  24 | 1275.2 |
       Dungeon |  20027 |  19435 |    592 |   2620 |  13876 |  14 | 1430.5 |
        Temple |    198 |    183 |     15 |      0 |    183 |   1 |  198.0 |
          Lair |   8247 |   8157 |     90 |    857 |   5581 |   6 | 1374.5 |
         Abyss |      6 |      6 |      0 |      0 |      0 |   1 |    6.0 |
        Bailey |   1599 |   1599 |      0 |    527 |    497 |   1 | 1599.0 |
      Ice Cave |    525 |    525 |      0 |    330 |      0 |   1 |  525.0 |
               +--------+--------+--------+--------+--------+-----+--------+

Top non-repeatable levels by time:
  Lair:4: 2003 daAuts
    D:10: 1913 daAuts
    D:13: 1902 daAuts
    D:14: 1892 daAuts
     D:9: 1757 daAuts
     D:3: 1708 daAuts
  Lair:5: 1643 daAuts
  Bailey: 1599 daAuts
     D:5: 1580 daAuts
     D:7: 1562 daAuts
     D:8: 1505 daAuts
  Lair:1: 1488 daAuts
    D:12: 1473 daAuts
    D:11: 1428 daAuts
  Lair:6: 1389 daAuts
